 Dungeon Crawl Stone Soup version 0.21.0-3-g78d12a8 (webtiles) character file.

44485 inmateoo the Severer (level 13, -4/117 HPs)
             Began as a Deep Dwarf Wanderer on Jan 9, 2018.
             Was the Champion of Makhleb.
             Slain by a large slime creature (31 damage)
             ... on level 13 of the Dungeon.
             The game lasted 00:30:24 (12058 turns).

inmateoo the Severer (Deep Dwarf Wanderer)         Turns: 12058, Time: 00:30:24

Health: -4/117     AC: 23    Str: 19    XL:     13   Next: 96%
Magic:  1/1        EV: 10    Int: 18    God:    Makhleb [******]
Gold:   225        SH:  0    Dex: 12    Spells: 12/14 levels left

rFire    . . .     SeeInvis .   J - +2 battleaxe (chop)
rCold    + . .     Gourm    .   (shield currently unavailable)
rNeg     . . .     Faith    .   P - +3 chain mail
rPois    +         Spirit   .   q - +2 helmet {Int+3}
rElec    .         Reflect  .   k - +0 cloak
rCorr    .         Harm     .   o - +0 pair of gloves
MR       +....                  E - +2 pair of boots
Stlth    ..........             x - amulet of magic regeneration
HPRegen  0.00/turn              i - ring of protection from cold
MPRegen  0.32/turn              d - ring of poison resistance

@: non-regenerating
A: damage resistance, heal wounds, sense surroundings 2, no regeneration
a: Heal Wounds, Minor Destruction, Lesser Servant of Makhleb, Major Destruction,
Greater Servant of Makhleb, Renounce Religion


You were on level 13 of the Dungeon.
You worshipped Makhleb.
Makhleb was exalted by your worship.
You were not hungry.

You visited 3 branches of the dungeon, and saw 16 of its levels.

You collected 1547 gold pieces.
You spent 1322 gold pieces at shops.

Inventory:

Hand Weapons
 a - a +3 war axe of venom
 F - a +2 battleaxe of draining
 I - a +4 scimitar of flaming
 J - a +2 battleaxe of chopping (weapon)
 M - a +0 broad axe
Armour
 b - a +1 scale mail of magic resistance
 k - a +0 cloak (worn)
 n - a +0 buckler
 o - a +0 pair of gloves (worn)
 q - a +2 helmet of intelligence (worn)
 E - a +2 pair of boots (worn)
 P - a +3 chain mail (worn)
Jewellery
 d - a ring of poison resistance (right hand)
 g - an uncursed ring of positive energy
 i - a ring of protection from cold (left hand)
 u - an uncursed ring of fire
 x - an amulet of magic regeneration (around neck)
 C - an uncursed ring of see invisible
Wands
 v - a wand of polymorph (9)
 z - a wand of digging (20)
 D - a wand of flame (122)
 G - a wand of iceblast (8)
Scrolls
 j - 7 scrolls of teleportation
 l - 13 scrolls of identify
 p - a scroll of fog
 s - a scroll of blinking
 w - 2 scrolls of magic mapping
 y - 4 scrolls of amnesia
 A - 7 scrolls of remove curse
 K - a scroll of enchant armour
 L - 2 scrolls of fear
Potions
 c - 2 potions of curing
 e - 3 potions of mutation
 h - 2 potions of heal wounds
 m - 2 potions of ambrosia
 r - a potion of flight
 t - a potion of brilliance
 B - a potion of resistance
 N - a potion of degeneration {unknown}
 O - a potion of berserk rage
Miscellaneous
 H - a box of beasts
Comestibles
 f - 22 rations


   Skills:
 - Level 8.0 Fighting
 * Level 17.9 Axes
 - Level 8.0 Armour
 - Level 6.0 Dodging
 - Level 1.2 Stealth
 - Level 4.0 Shields
 - Level 1.0 Spellcasting
   Level 1.1 Necromancy
 - Level 2.1 Translocations
 - Level 2.9 Air Magic
 - Level 12.0 Invocations
 - Level 1.3 Evocations


You had 12 spell levels left.
You knew the following spells:

 Your Spells              Type           Power        Failure   Level  Hunger
a - Shock                 Conj/Air       #...         67%         1    ##.....
b - Apportation           Tloc           #.....       56%         1    ##.....


Dungeon Overview and Level Annotations

Branches:
Dungeon (13/15)            Temple (0/1) D:5            Lair (1/6) D:10
    Orc (2/2) D:9             Elf (0/3) Orc:2
 Vaults: D:13-14

Altars:
Ashenzari
Elyvilon
Gozag
Hepliaklqana
Makhleb
Okawaru
Qazlal
Sif Muna
Trog
Wu Jian
Xom
Yredelemnul
Zin
Beogh

Shops:
D:4 *   D:6 ?   D:9 (   Orc:2 *[(:

Annotations:
D:3 komo4ek's ghost, amateur DrTm


Innate Abilities, Weirdness & Mutations

You are resistant to damage.
You can heal yourself by infusing magical energy.
You passively map the area around you.
You do not regenerate.


Message History

You feel much better.
The enormous slime creature barely misses you.
Your magical essence is drained by the effort!
You feel much better.
The enormous slime creature barely misses you.
The orc priest begins to cast a cantrip, but forgets the words!
You slice the enormous slime creature!!
The enormous slime creature is severely wounded.
You barely miss the enormous slime creature.
The enormous slime creature is severely wounded.
The enormous slime creature hits you!!!
Ouch! That really hurt!
* * * LOW HITPOINT WARNING * * *
You slice the enormous slime creature!!
The enormous slime creature is almost dead.
An enormous slime creature splits.
A centaur warrior zombie comes into view.
Your magical essence is drained by the effort!
You feel much better. The large slime creature hits you!!
You die... * #......# * #......# ,, , #...... , ,* ##....ยง ,,, ,.Zo.. * , , ** *oso

* * #o#* * #J## * #@J# * ##.####
####### * #.....# #......
###+### #.....# #...... #.....#
#.....######...... #.....#####
#.........##......
#.....'...#####.....###.##......
+.....###....)......# #..'......
#.....# #######.....# ####.....>


You could see 2 large slime creatures, a scorpion, an orc priest, an orc wizard,
2 orcs and a centaur warrior zombie.

Vanquished Creatures
  Snorg (D:10)
  A hydra (D:13)
  The ghost of komo4ek the Protected, a journeyman GrFi of Cheibriados (D:10)
  A centaur warrior (D:13)
  4 two-headed ogres
  4 orc high priests (Orc:2)
  An ugly thing (D:13)
  2 orc sorcerers
  3 manticores
  The ghost of komo4ek the Covert, a novice SpAs (D:5)
  A centaur skeleton (D:13)
  A komodo dragon (D:10)
  4 trolls
  2 hornets
  3 hippogriffs
  2 shadows
  A fire bat (D:6)
  23 yaks
  7 vampire mosquitoes
  A hungry ghost (D:7)
  3 wargs
  A soldier ant (D:9)
  2 water moccasins
  4 sky beasts
  25 orc warriors
  A black bear (D:10)
  A hornet zombie (D:11)
  2 ice beasts
  2 phantoms
  6 ogres
  10 centaurs
  2 crocodiles (Lair:1)
  4 big kobolds
  10 bullfrogs
  A wyvern zombie (D:9)
  A wyvern skeleton (D:9)
  A water moccasin skeleton (D:10)
  7 scorpions
  7 killer bees
  7 wights
  2 electric eels (D:9)
  5 howler monkeys
  4 crimson imps
  5 centaur zombies
  A bullfrog zombie (D:7)
  6 hounds
  7 jellies
  3 bullfrog skeletons
  20 orc priests
  27 orc wizards
  An iguana (D:10)
  16 worker ants
  Natasha (thrice) (D:2)
  A killer bee zombie (D:8)
  A hound zombie (D:7)
  A hound skeleton (D:7)
  A howler monkey zombie (D:7)
  6 gnolls (D:8)
  A worker ant zombie (D:8)
  2 howler monkey skeletons
  14 adders
  3 shadow imps
  An ooze (D:1)
  2 adder zombies
  An adder skeleton (D:4)
  4 worms
  A dart slug (D:5)
  4 leopard geckos
  81 orcs
  2 ball pythons
  3 giant cockroaches
  3 hobgoblins
  8 jackals
  3 quokkas
  4 bats
  2 frilled lizards
  3 goblins
  A jackal skeleton (D:4)
  23 kobolds
  A leopard gecko skeleton (D:8)
  A quokka skeleton (D:8)
  7 rats
  3 fungi (Orc:2)
  A plant (D:10)
450 creatures vanquished.

Vanquished Creatures (collateral kills)
  2 orc warlords (Orc:2)
  3 orc high priests (Orc:2)
  3 orc knights (Orc:2)
  An orc sorcerer (Orc:2)
  A spiny frog (Lair:1)
  A komodo dragon (Lair:1)
  A troll (Orc:2)
  A hungry ghost (D:10)
  A warg (Orc:2)
  A porcupine (Lair:1)
  7 orc warriors (Orc:2)
  2 ogres (Orc:2)
  A crocodile (Lair:1)
  A howler monkey (D:10)
  2 orc wizards
  4 orcs (Orc:2)
32 creatures vanquished.

Vanquished Creatures (others)
  3 fungi (Orc:2)
  2 plants (D:10)
5 creatures vanquished.

Grand Total: 487 creatures vanquished

Notes
Turn   | Place    | Note
-------+----------+-------------------------------------------
     0 | D:1      | inmateoo the Deep Dwarf Wanderer began the quest for the Orb.
     0 | D:1      | inmateoo set off with: a book of Air, the Volume of Conjuration, a potion of curing, a +0 robe, a +0 club, a ration
     0 | D:1      | Reached XP level 1. HP: 15/15 MP: 2/2
     0 | D:1      | Identified the Volume of Conjuration
     2 | D:1      | Learned a level 1 spell: Shock
     4 | D:1      | Learned a level 1 spell: Magic Dart
   311 | D:1      | Reached skill level 1 in Fighting
   388 | D:1      | Reached XP level 2. HP: 18/25 MP: 3/3
  1057 | D:2      | Reached skill level 1 in Axes
  1117 | D:2      | Noticed Natasha
  1131 | D:2      | Noticed a crimson imp
  1134 | D:2      | Noticed a crimson imp
  1134 | D:2      | Killed Natasha
  1134 | D:2      | Reached skill level 1 in Armour
  1134 | D:2      | Reached XP level 3. HP: 32/32 MP: 3/3
  1171 | D:2      | Reached skill level 2 in Axes
  1285 | D:2      | Found a burning altar of Makhleb.
  1290 | D:2      | Noticed Natasha
  1304 | D:2      | Became a worshipper of Makhleb the Destroyer
  1310 | D:2      | Killed Natasha
  1310 | D:2      | Reached XP level 4. HP: 38/39 MP: 3/3
  1347 | D:2      | Noticed Natasha
  1369 | D:2      | Killed Natasha
  1440 | D:2      | Reached skill level 3 in Axes
  1656 | D:3      | Reached skill level 1 in Invocations
  1656 | D:3      | Reached XP level 5. HP: 23/46 MP: 3/3
  1681 | D:3      | Found a stormy altar of Qazlal.
  1871 | D:3      | Noticed komo4ek's ghost (amateur DrTm)
  2012 | D:4      | Found a glowing silver altar of Zin.
  2274 | D:4      | Reached skill level 4 in Axes
  2274 | D:4      | Reached XP level 6. HP: 38/55 MP: 4/4
  2376 | D:4      | Found Ried Iplaeg's Assorted Antiques.
  2380 | D:4      | Bought a scroll labeled OXUUNU YNUI for 23 gold pieces
  2380 | D:4      | Bought an emerald potion for 20 gold pieces
  2797 | D:5      | Entered Level 5 of the Dungeon
  2850 | D:5      | Found an opulent altar of Gozag.
  2852 | D:5      | Reached * piety under Makhleb
  2882 | D:5      | Found a bloodstained altar of Trog.
  2918 | D:5      | Noticed komo4ek's ghost (novice SpAs)
  2959 | D:5      | Killed komo4ek's ghost
  2959 | D:5      | Reached skill level 5 in Axes
  2959 | D:5      | Reached XP level 7. HP: 25/62 MP: 4/6
  3231 | D:5      | Found a basalt altar of Yredelemnul.
  3307 | D:5      | Found a staircase to the Ecumenical Temple.
  3333 | D:5      | Found an iron altar of Okawaru.
  3555 | D:5      | Found a deep blue altar of Sif Muna.
  3568 | D:5      | Learned a level 1 spell: Apportation
  3618 | D:5      | Found a hazy altar of Hepliaklqana.
  3680 | D:6      | Reached skill level 6 in Axes
  3695 | D:6      | Found a white marble altar of Elyvilon.
  3727 | D:6      | Noticed a two-headed ogre
  3836 | D:6      | Noticed a fire bat
  3836 | D:6      | an orc warrior changed into a fire bat
  3868 | D:6      | Killed a fire bat
  3868 | D:6      | Reached XP level 8. HP: 55/72 MP: 8/8
  3909 | D:6      | Reached ** piety under Makhleb
  3970 | D:6      | Reached skill level 5 in Invocations
  4050 | D:6      | Killed a two-headed ogre
  4050 | D:6      | Reached skill level 8 in Axes
  4050 | D:6      | Reached skill level 5 in Armour
  4109 | D:6      | Reached skill level 5 in Fighting
  4109 | D:6      | Gained mutation: You passively map the area around you. [Deep Dwarf growth]
  4109 | D:6      | Reached XP level 9. HP: 81/81 MP: 8/8
  4481 | D:6      | Found Soesm's Magic Scroll Boutique.
  4755 | D:7      | Reached skill level 9 in Axes
  4769 | D:7      | Found a shattered altar of Ashenzari.
  5059 | D:7      | Noticed a two-headed ogre
  5072 | D:7      | Killed a two-headed ogre
  5072 | D:7      | Reached skill level 10 in Axes
  5104 | D:7      | Reached *** piety under Makhleb
  5104 | D:7      | Reached XP level 10. HP: 89/91 MP: 10/10
  6287 | D:8      | Reached skill level 1 in Shields
  6304 | D:8      | Reached **** piety under Makhleb
  6316 | D:8      | Reached skill level 1 in Dodging
  6770 | D:8      | Found an ornate altar of the Wu Jian Council.
  6858 | D:9      | Reached skill level 11 in Axes
  6926 | D:9      | Paralysed by a hornet for 1 turns
  6932 | D:9      | Paralysed by a hornet for 2 turns
  7114 | D:9      | Reached XP level 11. HP: 100/100 MP: 7/7
  7205 | D:9      | Reached ***** piety under Makhleb
  7298 | D:9      | HP: 4/100 [orc warrior/short sword (13)]
  7337 | D:9      | Noticed a two-headed ogre
  7367 | D:9      | Killed a two-headed ogre
  7419 | D:9      | Found a shimmering altar of Xom.
  7471 | D:9      | Found a staircase to the Orcish Mines.
  7666 | D:9      | Found Uretakh's Weapon Boutique.
  7669 | D:9      | Bought a +2 battleaxe of draining for 379 gold pieces
  7755 | D:10     | Entered Level 10 of the Dungeon
  7755 | D:10     | Found a staircase to the Lair.
  7842 | D:10     | Reached skill level 12 in Axes
  7956 | D:10     | Noticed Snorg
  7993 | D:10     | Noticed komo4ek's ghost (journeyman GrFi)
  8027 | Lair:1   | Entered Level 1 of the Lair of Beasts
  8057 | Lair:1   | Reached skill level 10 in Invocations
  8403 | Lair:1   | HP: 4/100 [spiny frog (10)]
  8909 | D:10     | Killed komo4ek's ghost
  9177 | D:10     | Killed Snorg
  9275 | D:11     | Reached skill level 5 in Dodging
  9451 | D:11     | Noticed a two-headed ogre
  9459 | D:11     | Killed a two-headed ogre
  9461 | D:11     | Reached XP level 12. HP: 49/110 MP: 2/4
  9567 | D:11     | Reached skill level 15 in Axes
  9567 | D:11     | Reached XP level 13. HP: 46/117 MP: 5/5
  9980 | D:12     | Reached ****** piety under Makhleb
 10503 | Orc:1    | Entered Level 1 of the Orcish Mines
 10561 | Orc:1    | Found a roughly hewn altar of Beogh.
 10872 | Orc:2    | Entered Level 2 of the Orcish Mines
 10942 | Orc:2    | Found a staircase to the Elven Halls.
 10986 | Orc:2    | Noticed an orc warlord
 10997 | Orc:2    | Reached skill level 16 in Axes
 11000 | Orc:2    | Killed an orc warlord
 11042 | Orc:2    | Found a roughly hewn altar of Beogh.
 11081 | Orc:2    | Noticed an orc warlord
 11095 | Orc:2    | Killed an orc warlord
 11098 | Orc:2    | Found Xuhupeos's General Store.
 11139 | Orc:2    | Bought a potion of berserk rage for 75 gold pieces
 11139 | Orc:2    | Bought a scroll of teleportation for 45 gold pieces
 11175 | Orc:2    | Found Mynum's Antique Weapon Shoppe.
 11387 | Orc:2    | Reached skill level 17 in Axes
 11397 | Orc:2    | Found Viym's Book Emporium.
 11501 | Orc:2    | Found Maufalur's Antique Armour Emporium.
 11509 | Orc:2    | Bought a cloak for 180 gold pieces
 11509 | Orc:2    | Bought a shiny helmet for 300 gold pieces
 11509 | Orc:2    | Bought a pair of runed boots for 300 gold pieces
 12058 | D:13     | Slain by a large slime creature

Skill      XL: |  1  2  3  4  5  6  7  8  9 10 11 12 13 |
---------------+----------------------------------------+-----
Fighting       | 1 2 3 4 5 6 7 8 |  8.0
Axes           | 1 2 3 4 5 6 8 10 11 12 15 17 | 17.9
Armour         | 1 2 3 4 5 6 7 8 |  8.0
Invocations    | 1 2 3 4 6 8 9 10 12 | 12.0
Shields        | 3 4 |  4.0
Dodging        | 3 5 6 |  6.0
Stealth        | |  1.2
Spellcasting   | |  1.0
Necromancy     | |  1.1
Translocations | |  2.1
Air Magic      | |  2.9
Evocations     | |  1.3

Action                   |  1- 3 |  4- 6 |  7- 9 | 10-12 | 13-15 || total
-------------------------+-------+-------+-------+-------+-------++-------
Melee: Spear             |    26 |       |       |       |       ||    26
       Hand axe          |    97 |   239 |   213 |   191 |       ||   740
       War axe           |       |       |   208 |   440 |       ||   648
       Battleaxe         |       |       |       |   144 |   443 ||   587
       Scimitar          |       |       |       |       |     6 ||     6
 Cast: Magic Dart        |     2 |       |       |       |       ||     2
       Shock             |     2 |       |       |       |       ||     2
Invok: Lesser Servant of |       |       |       |     5 |       ||     5
       Major Destruction |       |       |       |     2 |       ||     2
       Greater Servant o |       |       |       |       |     1 ||     1
 Abil: Heal Wounds       |     3 |     3 |    13 |    28 |    24 ||    71
Evoke: Wand              |       |       |     9 |     7 |     2 ||    18
  Use: Scroll            |     9 |     9 |     2 |     9 |     1 ||    30
       Potion            |       |       |     4 |     5 |       ||     9
 Stab: Sleeping          |     1 |       |       |       |       ||     1
       Distracted        |       |       |       |       |     2 ||     2
  Eat: Chunk             |     2 |     5 |     8 |     8 |     7 ||    30
       Ration            |       |       |     2 |     5 |     1 ||     8
Armor: Leather armour    |     9 |       |       |       |       ||     9
       Scale mail        |    53 |    98 |   110 |   290 |    96 ||   647
       Plate armour      |       |       |   110 |       |    42 ||   152
       Skin              |       |       |    36 |       |       ||    36
       Chain mail        |       |       |       |     8 |   101 ||   109
Dodge: Dodged            |    66 |   123 |   124 |   363 |   297 ||   973
Block: Buckler           |       |       |       |    73 |       ||    73
